 Dungeon Crawl Stone Soup version 0.21.1-1-g345015f (webtiles) character file.

132 Iko the Vandal (level 4, -4/39 HPs)
             Began as a Deep Dwarf Hunter on May 4, 2018.
             Was an Initiate of Sif Muna.
             Slain by Tiareth's ghost (5 damage)
             ... on level 5 of the Dungeon.
             The game lasted 00:12:50 (873 turns).

Iko the Vandal (Deep Dwarf Hunter)                   Turns: 873, Time: 00:12:51

Health: -4/39      AC:  4    Str: 15    XL:     4   Next: 92%
Magic:  3/3        EV: 12    Int: 13    God:    Sif Muna [......]
Gold:   103        SH:  0    Dex: 13    Spells: 3/3 levels left

rFire    . . .     SeeInvis .   a - +2 hunting sling
rCold    . . .     Gourm    .   (no shield)
rNeg     . . .     Faith    .   c - +1 leather armour
rPois    .         Spirit   .   (no helmet)
rElec    .         Reflect  .   (no cloak)
rCorr    .         Harm     .   (no gloves)
MR       .....                  (no boots)
Stlth    +.........             (no amulet)
HPRegen  0.00/turn              (no ring)
MPRegen  0.08/turn              (no ring)

@: confused, very slightly contaminated, non-regenerating
A: damage resistance, heal wounds, sense surroundings 1, no regeneration
a: Heal Wounds, Renounce Religion


You were on level 5 of the Dungeon.
You worshipped Sif Muna.
Sif Muna was noncommittal.
You were not hungry.

You visited 1 branch of the dungeon, and saw 4 of its levels.

You collected 103 gold pieces.

Inventory:

Hand Weapons
 a - a +2 hunting sling (weapon)
Missiles
 d - 10 sling bullets (quivered)
Armour
 c - a +1 leather armour (worn)
Scrolls
 h - a scroll of teleportation
Comestibles
 f - 4 rations


   Skills:
 + Level 2.0 Fighting
   Level 2.3 Short Blades
 + Level 5.2 Slings
 + Level 1.4 Armour
 + Level 2.3 Dodging
 + Level 2.5 Stealth


You had 3 spell levels left.
You didn't know any spells.

Dungeon Overview and Level Annotations

Branches:
Dungeon (3/15)

Altars:
Fedhas
Sif Muna
Xom

Annotations:
D:5 Dowan; Tiareth's ghost, novice DECj


Innate Abilities, Weirdness & Mutations

You are resistant to damage.
You can heal yourself by infusing magical energy.
You passively map a small area around you.
You do not regenerate.


Message History

You bump into the rock wall.
The hound bites you. x2
* * * LOW HITPOINT WARNING * * *
Tiareth's ghost hits you!
* * * LOW HITPOINT WARNING * * *
You're too confused!
Unknown command.
You're too confused!
Firing (i - inventory):
d - 10 sling bullets (quivered)
Press: ? - help, Shift-Dir - straight line, f/p - Tiareth's ghost
Aim: Tiareth's ghost (moderately damaged)
Okay, then.
You're too confused!
Firing (i - inventory):
d - 10 sling bullets (quivered)
Press: ? - help, Shift-Dir - straight line, f - you, p - Tiareth's ghost Really target yourself?
Okay, then.
You bump into the rock wall.
The hound bites you.
* * * LOW HITPOINT WARNING * * *
Tiareth's ghost hits you!
You die...

, , ,........#### ,
* #.≈.≈≈?)(?.. ,. #
#..≈≈≈....###.. #.
#.≈_.≈........ **
#..#!≈≈≈........ , ,
##....≈........#*
......)#...(#,,,*#*
...........@###..##
,
####.......hW>.....,
##..<##...###..## *
......##.#(####...
...........(.....,
.......##.#(##### ,,
, .###.........# ,
#...##.##...# #..
#.#*..%# *


You could see a hound and Tiareth's ghost.

Vanquished Creatures
  A centaur zombie (D:5)
  4 gnolls
  An adder (D:3)
  An ooze (D:3)
  2 dart slugs (D:2)
  An orc (D:5)
  14 giant cockroaches (D:3)
  A goblin (D:1)
  2 hobgoblins
  3 jackals (D:1)
  A ball python (D:2)
  4 bats (D:1)
  A frilled lizard (D:2)
  2 kobolds
  4 rats
42 creatures vanquished.

Notes
Turn   | Place    | Note
-------+----------+-------------------------------------------
     0 | D:1      | Iko the Deep Dwarf Hunter began the quest for the Orb.
     0 | D:1      | Reached XP level 1. HP: 19/19 MP: 1/1
    94 | D:1      | Reached XP level 2. HP: 21/26 MP: 2/2
   254 | D:1      | Reached skill level 1 in Short Blades
   306 | D:1      | You fall through a shaft!
   362 | D:2      | Found a deep blue altar of Sif Muna.
   378 | D:2      | Became a worshipper of Sif Muna the Loreminder
   396 | D:2      | Reached XP level 3. HP: 32/32 MP: 3/3
   446 | D:2      | Reached skill level 1 in Armour
   557 | D:3      | Found a shimmering altar of Xom.
   592 | D:3      | Reached XP level 4. HP: 39/39 MP: 3/3
   673 | D:3      | Reached skill level 5 in Slings
   810 | D:3      | You fall through a shaft for 2 floors!
   810 | D:5      | Entered Level 5 of the Dungeon
   813 | D:5      | Found a blossoming altar of Fedhas.
   835 | D:5      | Noticed Tiareth's ghost (novice DECj)
   861 | D:5      | Noticed Dowan
   873 | D:5      | HP: 1/39 [hound (1)]
   873 | D:5      | Slain by Tiareth's ghost

Skill      XL: |  1  2  3  4 |
---------------+-------------+-----
Short Blades   | 1 2 |  2.3
Fighting       | 2 |  2.0
Armour         | 1 |  1.4
Slings         | 5 |  5.2
Stealth        | 2 |  2.5
Dodging        | |  2.3

Action                   |  1- 3 |  4- 6 || total
-------------------------+-------+-------++-------
Melee: Short sword       |    36 |       ||    36
       Hunting sling     |       |     6 ||     6
 Fire: Hunting sling     |    53 |    83 ||   136
 Abil: Heal Wounds       |     4 |     3 ||     7
  Use: Scroll            |     3 |     2 ||     5
       Potion            |       |     1 ||     1
Armor: Leather armour    |    36 |    31 ||    67
Dodge: Dodged            |    83 |    80 ||   163
